 Dungeon Crawl Stone Soup version 0.30.0-21-gd299b56b3f (webtiles) character file.

Game seed: 585612174239730458

877 qw the Chopper (level 8, -11/49 HPs)
             Began as a Gargoyle Fighter on June 2, 2023.
             Mangled by Duvessa
             ... wielding a +0 rapier of venom
              (14 damage)
             ... on level 5 of the Dungeon.
             The game lasted 00:01:48 (3720 turns).

qw the Chopper (Gargoyle Fighter)                   Turns: 3720, Time: 00:01:49

Health: -11/49     AC: 19    Str: 22    XL:     8   Next: 4%
Magic:  8/8        EV:  8    Int:  9    God:
Gold:   234        SH:  4    Dex:  9    Spells: 7/7 levels left

rFire   . . .        Y - +0 war axe (flame)
rCold   . . .        c - +0 buckler
rNeg    + . .        a - +4 chain mail
rPois   inf          (no helmet)
rElec   +            (no cloak)
rCorr   .            m - +0 pair of gloves
SInv    .            (no boots)
Will    .....        (no amulet) Stlth
                     (no ring)
HPRegen 0.28/turn    (no ring)
MPRegen 0.11/turn

%: no passive effects
@: no status effects
A: sickness immunity, AC +5, negative energy resistance 1, electricity
resistance, torment resistance 1, petrification resistance
a: no special abilities


You were on level 5 of the Dungeon.
You visited 1 branch of the dungeon, and saw 5 of its levels.

You collected 234 gold pieces.


Innate Abilities, Weirdness & Mutations

You are immune to sickness and miasma.
Your stone body is resilient. (AC +5)
You are immune to poison.
You resist negative energy. (rN+)
You are resistant to electric shocks. (rElec)
You are resistant to unholy torment.
You are immune to petrification.


   Skills:
 - Level 5.0 Fighting
 + Level 7.5 Axes
 - Level 3.2 Armour
 - Level 1.0 Dodging
 - Level 3.2 Shields


You had 7 spell levels left.
You didn't know any spells.
Your spell library was empty.

Inventory:

Hand Weapons
 Y - a +0 war axe of flaming (weapon)
Armour
 a - a +4 chain mail (worn)
 c - a +0 buckler (worn)
 m - a +0 pair of gloves (worn)
Jewellery
 g - a ring of fire
Wands
 h - a wand of digging (6)
Scrolls
 f - a scroll of identify
Potions
 d - a potion of might
 e - a potion of lignification
 j - a potion of curing
 k - a potion of haste

Dungeon Overview and Level Annotations

Branches:
Dungeon (5/15)
 Temple: D:4-7

Altars:
Cheibriados
The Shining One

Shops:
D:4 (

Annotations:
D:3 3 runed translucent doors, qw's ghost, amateur GrFi
D:5 Duvessa


Message History

You kill Dowan!
Duvessa screams, "No!
How DARE you!"
Duvessa goes berserk!
You hit Duvessa but do no damage. Duvessa misses you.
Duvessa hits you but does no damage.
You have reached level 8!
You feel clever.
You barely miss Duvessa.
Duvessa is lightly wounded.
Duvessa hits you but does no damage.
You barely miss Duvessa.
Duvessa is lightly wounded.
Duvessa hits you with a +0 rapier of venom. x2
You slash Duvessa! You burn Duvessa!
Duvessa is moderately wounded.
Duvessa barely misses you.
You hit Duvessa. You burn Duvessa.
Duvessa is heavily wounded.
You block Duvessa's attack.
Duvessa hits you with a +0 rapier of venom.
You slash Duvessa! You burn Duvessa.
Duvessa is severely wounded.
Duvessa hits you with a +0 rapier of venom!
Duvessa barely misses you.
You hit Duvessa but do no damage.
Duvessa is severely wounded.
You block Duvessa's attack. Duvessa misses you.
You hit Duvessa but do no damage.
Duvessa is severely wounded.
You block Duvessa's attack.
You hit Duvessa but do no damage.
Duvessa is severely wounded.
Duvessa barely misses you.
Duvessa hits you with a +0 rapier of venom.
You hit Duvessa but do no damage.
Duvessa is severely wounded.
Duvessa hits you with a +0 rapier of venom!
Duvessa hits you with a +0 rapier of venom.
You slash Duvessa! You burn Duvessa.
Duvessa is severely wounded.
Duvessa hits you with a +0 rapier of venom!
You die...

########
#....e)#
#@# #.#
#.#
#.#######
#......<#
#######.#
#.# #.#
#.#


You could see Duvessa (berserk, fast).

Vanquished Creatures
  Grinder (D:3)
  Sigmund (D:4)
  A phantom (D:4)
  2 scorpions
  Dowan (D:5)
  An orc priest (D:3)
  A jelly (D:4)
  2 iguanas (D:4)
  An orc wizard (D:3)
  5 adders
  A white imp (D:4)
  A dart slug (D:1)
  2 orcs (D:3)
  6 ball pythons
  4 bats
  7 endoplasms
  8 goblins
  13 hobgoblins
  4 jackals (D:2)
  8 kobolds
  A quokka (D:1)
  3 frilled lizards
  A goblin skeleton (D:4)
  3 goblin zombies (D:4)
  3 hobgoblin zombies (D:4)
  3 kobold skeletons (D:4)
  A kobold zombie (D:4)
  2 orc skeletons (D:4)
  2 rats
89 creatures vanquished.

Notes
Turn   | Place    | Note
-------+----------+-------------------------------------------
     0 | D:1      | qw the Gargoyle Fighter began the quest for the Orb.
     0 | D:1      | Reached XP level 1. HP: 14/14 MP: 1/1
     0 | D:1      | 0 ||| qw: Version: 0.2-a-102-gdf20003
     0 | D:1      | 0 ||| qw: Game counter: 880
     0 | D:1      | 0 ||| qw: Always use a shield: true
     0 | D:1      | 0 ||| qw: God list: Okawaru
     0 | D:1      | 0 ||| qw: Allow faded altars: false
     0 | D:1      | 0 ||| qw: Do Orc after D:15 true
     0 | D:1      | 0 ||| qw: Do second Lair branch before Depths: true
     0 | D:1      | 0 ||| qw: Lair rune preference: random
     0 | D:1      | 0 ||| qw: Plans: Normal, Zot:1-4, Slime:5, God:TSO, Crypt,
                  | Tomb, Pan, Hells, Abyss, Win
     0 | D:1      | 0 ||| PLANNING D:1-11
    30 | D:1      | Reached skill level 2 in Axes
   145 | D:1      | Reached XP level 2. HP: 17/19 MP: 2/2
   301 | D:1      | 301 ||| Stepping ~*~*~tactically~*~*~ (stealth).
   308 | D:1      | Reached skill level 3 in Axes
   364 | D:1      | 364 ||| Stepping ~*~*~tactically~*~*~ (stealth).
   366 | D:1      | 366 ||| Stepping ~*~*~tactically~*~*~ (stealth).
   368 | D:1      | 368 ||| Stepping ~*~*~tactically~*~*~ (stealth).
   374 | D:1      | Reached XP level 3. HP: 23/23 MP: 3/3
   567 | D:1      | 567 ||| Stepping ~*~*~tactically~*~*~ (hiding).
   568 | D:1      | 568 ||| Stepping ~*~*~tactically~*~*~ (hiding).
   569 | D:1      | 569 ||| Stepping ~*~*~tactically~*~*~ (hiding).
   570 | D:1      | 570 ||| Stepping ~*~*~tactically~*~*~ (hiding).
   571 | D:1      | 571 ||| Stepping ~*~*~tactically~*~*~ (hiding).
   761 | D:1      | 761 ||| READING scroll labelled ULERPHO APYISAF.
   762 | D:1      | 762 ||| READING scroll labelled QALILEOZXA.
   763 | D:1      | 763 ||| READING scroll labelled VIRESS RIMMOBAU.
   767 | D:1      | 767 ||| READING 2 scrolls labelled FATIMP TIHY.
   768 | D:1      | 768 ||| DRINKING 2 grey potions.
   769 | D:1      | 769 ||| DRINKING 2 viscous red potions.
   770 | D:1      | 770 ||| DROPPING scroll of noise.
   787 | D:2      | 787 ||| Stepping ~*~*~tactically~*~*~ (stealth).
   788 | D:2      | 788 ||| Stepping ~*~*~tactically~*~*~ (stealth).
  1077 | D:2      | 1077 ||| Stepping ~*~*~tactically~*~*~ (stealth).
  1078 | D:2      | 1078 ||| Stepping ~*~*~tactically~*~*~ (stealth).
  1079 | D:2      | 1079 ||| Stepping ~*~*~tactically~*~*~ (stealth).
  1100 | D:2      | Reached XP level 4. HP: 28/28 MP: 4/4
  1444 | D:2      | 1444 ||| READING scroll labelled SABUSCH KOKLEPT.
  1445 | D:2      | 1445 ||| READING 2 scrolls of identify.
  1445 | D:2      | 1445 ||| IDENTIFYING brown potion
  1483 | D:3      | Noticed Grinder
  1483 | D:3      | Noticed a scorpion
  1497 | D:3      | Killed a scorpion
  1497 | D:3      | HP: 6/28 [Grinder (4)]
  1498 | D:3      | Reached skill level 4 in Axes
  1498 | D:3      | Reached XP level 5. HP: 7/32 MP: 5/5
  1498 | D:3      | 1498 ||| DRINKING potion of heal wounds.
  1499 | D:3      | Paralysed by Grinder for 3 turns
  1511 | D:3      | Paralysed by Grinder for 5 turns
  1517 | D:3      | Killed Grinder
  1518 | D:3      | Reached skill level 6 in Axes
  1518 | D:3      | Reached XP level 6. HP: 29/37 MP: 6/6
  1646 | D:3      | 1646 ||| DRINKING 2 potions of curing.
  1646 | D:3      | 1646 ||| (to cure confusion)
  1758 | D:3      | 1758 ||| DROPPING +0 club.
  1774 | D:3      | 1774 ||| Stepping ~*~*~tactically~*~*~ (stealth).
  1916 | D:3      | Found a runed translucent gate.
  1916 | D:3      | Found a runed translucent gate.
  1918 | D:3      | Noticed qw's ghost (amateur GrFi)
  1919 | D:3      | Found a runed translucent gate.
  1987 | D:3      | Found a snail-covered altar of Cheibriados.
  2586 | D:3      | 2586 ||| UPGRADING to +4 chain mail.
  2596 | D:3      | 2596 ||| DROPPING +0 scale mail.
  2597 | D:3      | 2597 ||| UPGRADING to +0 pair of gloves.
  2602 | D:3      | 2602 ||| READING scroll labelled ZUIFOONOTU.
  2703 | D:3      | 2703 ||| READING 2 scrolls labelled TEURHA PELECH.
  2704 | D:3      | 2704 ||| DRINKING 3 white potions.
  2705 | D:3      | 2705 ||| DRINKING 2 potions of curing.
  2705 | D:3      | 2705 ||| (to cure confusion)
  2706 | D:3      | 2706 ||| READING 3 scrolls of identify.
  2706 | D:3      | 2706 ||| IDENTIFYING black potion
  2707 | D:3      | 2707 ||| READING 2 scrolls of identify.
  2707 | D:3      | 2707 ||| IDENTIFYING fizzy emerald potion
  2708 | D:3      | 2708 ||| DROPPING potion of degeneration.
  2709 | D:3      | 2709 ||| DROPPING 2 potions of ambrosia.
  2710 | D:3      | 2710 ||| DROPPING scroll of butterflies.
  2735 | D:4      | 2735 ||| Stepping ~*~*~tactically~*~*~ (hiding).
  2741 | D:4      | Reached skill level 1 in Dodging
  2759 | D:4      | Found Fumomnot's Weapon Boutique.
  2895 | D:4      | Reached XP level 7. HP: 43/43 MP: 7/7
  2947 | D:4      | Identified the +3 leather armour "Zenteg" {rC+ Int+3}
  2948 | D:4      | Found a glowing golden altar of the Shining One.
  2949 | D:4      | 2949 ||| Stepping ~*~*~tactically~*~*~ (hiding).
  3004 | D:4      | Noticed Sigmund
  3011 | D:4      | 3011 ||| DRINKING potion of curing.
  3011 | D:4      | 3011 ||| (to cure confusion)
  3012 | D:4      | Killed Sigmund
  3013 | D:4      | Reached skill level 7 in Axes
  3352 | D:4      | 3352 ||| Stepping ~*~*~tactically~*~*~ (hiding).
  3636 | D:4      | 3636 ||| DROPPING ring of wizardry.
  3637 | D:4      | 3637 ||| READING scroll labelled HOABIE JAMA.
  3638 | D:4      | 3638 ||| DROPPING +0 flail.
  3691 | D:5      | Entered Level 5 of the Dungeon
  3701 | D:5      | Noticed Dowan
  3702 | D:5      | 3702 ||| Stepping ~*~*~tactically~*~*~ (hiding).
  3705 | D:5      | Noticed Duvessa
  3710 | D:5      | Killed Dowan
  3711 | D:5      | Reached XP level 8. HP: 43/49 MP: 8/8
  3719 | D:5      | HP: 8/49 [Duvessa/+0 rapier of venom (14)]
  3719 | D:5      | HP: 3/49 [Duvessa/+0 rapier of venom (5)]
  3720 | D:5      | Mangled by Duvessa

Levels and vault maps discovered:
D:1:      lightli_arrival_maybe_door_vault, layout_loops_cross,
          minmay_misc_feat_square, minmay_pentomino_x4
D:2:      layout_loops_ring, serial_forest, infiniplex_forest_clump_medium,
          infiniplex_forest_corner_1, infiniplex_forest_lined_room_3,
          infiniplex_forest_clump_diagonal, infiniplex_forest_clump_curved,
          infiniplex_forest_lined_room_
D:3:      layout_loops_ring, mainiacjoe_overflow_tiny_flanked, serial_shops,
          nicolae_shop_peninsula, ebering_ghost_rock_garden,
          roderic_roman_lattice, kennysheep_generic_room_10, uniq_grinder
D:4:      layout_loops_ring, nicolae_tso_besieged_by_evil, serial_shops,
          nicolae_take_the_stairs, amcnicky_mini_rare_corridor_liquid,
          minmay_cut_off, uniq_sigmund
D:5:      layout_basic, uniq_pikel, uniq_duvessa

Skill      XL: |  1  2  3  4  5  6  7 |
---------------+----------------------+-----
Axes           | 2 3 4 6 7 |  7.5
Fighting       | 4 5 |  5.0
Dodging        | 1 |  1.0
Armour         | |  3.2
Shields        | |  3.2

Action                     |  1- 3 |  4- 6 |  7- 9 || total
---------------------------+-------+-------+-------++-------
  Melee: War axe           |   107 |    75 |   101 ||   283
         Unarmed           |       |     2 |       ||     2
    Use: Scroll            |     4 |     6 |     1 ||    11
         Potion            |     2 |     4 |     1 ||     7
 Armour: Scale mail        |    51 |    26 |       ||    77
         Chain mail        |       |    10 |    47 ||    57
  Dodge: Dodged            |    51 |    18 |    29 ||    98
  Block: Buckler           |    18 |     3 |    13 ||    34

Table legend:
 A = Non-vault XP
 B = Vault XP
 C = Vault XP percentage of total XP
 D = Non-vault monster count
 E = Vault monster count
 F = Vault count percentage of total count
                 A         B        C        D         E       F
            +---------+---------+-------+---------+---------+-------
      Total |     516 |     738 |  58.9 |      63 |      26 |  29.2
            +---------+---------+-------+---------+---------+-------
        D:1 |      32 |       7 |  17.9 |      18 |       4 |  18.2
        D:2 |      56 |       0 |   0.0 |      19 |       0 |   0.0
        D:3 |     185 |     286 |  60.7 |      13 |       1 |   7.1
        D:4 |     243 |     376 |  60.7 |      13 |      20 |  60.6
        D:5 |       0 |      69 | 100.0 |       0 |       1 | 100.0
            +---------+---------+-------+---------+---------+-------
